 Dungeon Crawl Stone Soup version 0.31-a0-1-g4198be8af4 (webtiles) character file.

Game seed: 10905809080311501095

23 Ahpoh the Grasshopper (level 2, 0/15 HPs)
             Began as a Vine Stalker Warper on May 2, 2023.
             Succumbed to an adder's poison
             ... on level 2 of the Dungeon.
             The game lasted 00:02:10 (1013 turns).

Ahpoh the Grasshopper (Vine Stalker Warper)         Turns: 1013, Time: 00:02:11

Health: 0/15       AC:  3    Str: 13    XL:     2   Next: 95%
Magic:  5/6        EV: 11    Int: 13    God:
Gold:   77         SH:  0    Dex: 13    Spells: 4/6 levels left

rFire   . . .        a - +0 falchion
rCold   . . .        (no shield)
rNeg    . . .        b - +0 leather armour
rPois   .            (no helmet)
rElec   .            (no cloak)
rCorr   .            (no gloves)
SInv    .            (no boots)
Will    .....        (no amulet)
Stlth   +            (no ring)
HPRegen 0.22/turn    (no ring)
MPRegen 0.10/turn

%: guardian spirit
@: lethally poisoned (0 -> -4)
A: fangs 2, magic shield, antimagic bite, no potion heal 2
a: no special abilities


You were on level 2 of the Dungeon.
You visited 1 branch of the dungeon, and saw 2 of its levels.

You collected 77 gold pieces.

Inventory:

Hand Weapons
 a - a +0 falchion (weapon)
Missiles
 d - 7 boomerangs of dispersal (quivered)
 f - 2 throwing nets
Armour
 b - a +0 leather armour (worn)
 j - a +0 scale mail
Scrolls
 c - 2 scrolls of blinking
 h - a scroll of fog
Potions
 e - 2 potions of flight
 g - a potion of mutation {unknown}
 i - 2 potions of resistance {unknown}


   Skills:
 + Level 1.9 Fighting
 + Level 2.2 Long Blades
 + Level 0.8 Throwing
 + Level 0.9 Armour
 + Level 1.6 Dodging
 + Level 2.5 Spellcasting
 + Level 3.3 Translocations


You had 4 spell levels left.
You knew the following spells:

 Your Spells              Type           Power      Damage    Failure   Level
a - Blink                 Tloc           20%        N/A       12%         2

Your spell library contained the following spells:

 Spells                   Type           Power      Damage    Failure   Level
 Lesser Beckoning         Tloc           20%        N/A       12%         2
 Teleport Other           Tloc           10%        N/A       24%         3
 Vhi's Electric Charge    Tloc/Air       10%        N/A       43%         3
 Manifold Assault         Tloc           10%        N/A       61%         4
 Chain Lightning          Conj/Air       0%         2d1       100%        9
 Fire Storm               Conj/Fire      0%         6d1       100%        9
 Shatter                  Erth           0%         3d5*      100%        9


Dungeon Overview and Level Annotations

Branches:
Dungeon (2/15)

Altars:


Innate Abilities, Weirdness & Mutations

You have extremely sharp teeth.
When hurt, damage is shared between your health and your magic reserves.
Your bite disrupts and absorbs the magic of your enemies.
Potions cannot restore your health.


Message History

You closely miss the adder. The adder bites you.
You are poisoned.
The adder poisons you!
You barely miss the adder.
You feel sick. The adder closely misses you. x2
You hit the adder. Your bite misses the adder.
The adder is lightly wounded.
You feel sick. The adder bites you but does no damage.
You barely miss the adder. You bite the adder. You drain its power.
You feel invigorated.
The adder is moderately wounded.
You feel sick. The adder bites you.
You are more poisoned.
The adder poisons you! The adder barely misses you.
You barely miss the adder. You bite the adder. You drain its power.
You feel invigorated.
The adder is heavily wounded.
You feel sick. The adder barely misses you.
You closely miss the adder. You bite the adder. You drain its power.
The adder is almost dead.
You feel sick. The adder closely misses you. The adder bites you.
You closely miss the adder.
The adder is almost dead.
You feel sick. The adder barely misses you.
You miss the adder. Your bite misses the adder.
The adder is almost dead.
You feel sick.
The adder bites you but does no damage. x2
You barely miss the adder.
The adder is almost dead.
* * * LOW HITPOINT WARNING * * *
You feel sick.
You are no longer poisoned.
The adder bites you.
You closely miss the adder. Your bite misses the adder.
The adder is almost dead.
The adder barely misses you. The adder bites you.
You are lethally poisoned!
The adder poisons you!
You hit the adder.
You kill the adder!
You die...

####.##'### #.
#.##.# #######.
#.##.# ## #.......
#.##.# .. #.......
#....# #. #+#
#....... ###### #.
#.######....... #.
#.....##.......
##.###.....########.
#.†@.'.....# #.
#.#.##.....# #. ..
#.......### #÷ #..
#......)+.# #. #.
##......#.#######. #
........#.##......
########'#.##......
#..................
#....<....###..(...


There were no monsters in sight!

Vanquished Creatures
  An adder (D:2)
  2 dart slugs
  2 endoplasms (D:2)
  3 hobgoblins
  3 kobolds
  2 ball pythons
  A frilled lizard (D:1)
  3 goblins
  3 rats
20 creatures vanquished.

Notes
Turn   | Place    | Note
-------+----------+-------------------------------------------
     0 | D:1      | Ahpoh the Vine Stalker Warper began the quest for the Orb.
     0 | D:1      | Reached XP level 1. HP: 11/11 MP: 4/4
   320 | D:1      | Reached XP level 2. HP: 15/15 MP: 6/6
   626 | D:2      | Identified the +5 leather armour "Zosiahid" {rF+ Str+5
                  | Slay-4}
   892 | D:2      | Learned a level 2 spell: Blink
  1013 | D:2      | Succumbed to an adder's poison

Illustrated notes

Levels and vault maps discovered:
D:1:      minmay_arrival_hallway, layout_loops_ring
D:2:      layout_basic

Skill      XL: |  1 |
---------------+----+-----
Long Blades    | 2 |  2.2
Fighting       | |  1.9
Throwing       | |  0.8
Armour         | |  0.9
Dodging        | |  1.6
Spellcasting   | |  2.5
Translocations | |  3.3

Action                     || total
---------------------------++-------
  Melee: Falchion          ||    54
         Bite              ||    11
    Use: Scroll            ||     2
         Potion            ||     2
   Stab: Sleeping          ||     1
 Armour: Leather armour    ||    16
  Dodge: Dodged            ||    34

Table legend: (Time is in decaauts)
 A = Elapsed time spent in this place.
 B = Non-inter-level travel time spent in this place.
 C = Inter-level travel time spent in this place.
 D = Time resting spent in this place.
 E = Time spent auto-exploring this place.
 F = Levels seen in this place.
 G = Mean time per level.
                   A        B        C        D        E       F      G
               +--------+--------+--------+--------+--------+-----+--------+
         Total |   1023 |   1017 |      6 |      0 |    707 |   2 |  511.5 |
       Dungeon |   1023 |   1017 |      6 |      0 |    707 |   2 |  511.5 |
               +--------+--------+--------+--------+--------+-----+--------+

Top non-repeatable levels by time:
     D:1: 624 daAuts
     D:2: 399 daAuts
